BR (22 & UNDER)
SANTA CLARITA MUSIC @ ALABAMA SHAKES
09/11/2029
 
TOP OF THE 1ST
Santa Clarita Music batting - Pitching for Alabama Shakes : RHP Barrett Pritchard
Pitching: RHP Barrett Pritchard
Batting: RHB Sergio Moreno 0-0: SINGLE (Flyball, 7LS)
Batting: RHB Greg Grant 0-0: Ball
1-0: Ball
2-0: Called Strike
2-1: DOUBLE (Flyball, 78D)
Sergio Moreno to third
Runner from 3rd tries for Home, SAFE, throw made at trailing runner, SAFE at third!
Batting: RHB Jesús Morales 0-0: Ball
1-0: SINGLE (Line Drive, 89S)
Greg Grant scores
Batting: SHB Stan Gómez 0-0: Ball
1-0: Called Strike
1-1: Fly out, F8 (Line Drive, 8RM)
Batting: RHB Lyle Johnston 0-0: Ball
1-0: Foul Ball, location: 2F
1-1: Fly out, F3 (Popup, 3F)
Batting: RHB Juan Alvarado 0-0: Called Strike
0-1: Swinging Strike
0-2: Ball
1-2: Strikes out swinging
Top of the 1st over - 2 runs, 3 hits, 0 errors, 1 left on base; Santa Clarita 2 - Alabama 0
BOTTOM OF THE 1ST
Alabama Shakes batting - Pitching for Santa Clarita Music : RHP Pierre Lauzon
Pitching: RHP Pierre Lauzon
Batting: RHB Zhong-xian Pai 0-0: SINGLE (Line Drive, 56D)
Batting: SHB Artie Adams 0-0: Hit by Pitch
Zhong-xian Pai to second
Batting: RHB Joe Farrell 0-0: SINGLE (Groundball, 34D)
Zhong-xian Pai to third
Artie Adams to second
Runner from 3rd tries for Home, SAFE, no throw
Batting: RHB Greg Nichols 0-0: Ball
1-0: Ball
2-0: Ball
3-0: Base on Balls
Artie Adams to third
Joe Farrell to second
Batting: RHB Cristóbal Calderón 0-0: Called Strike
0-1: Foul Ball, location: 2F
0-2: Ball
1-2: Ball
2-2: SINGLE (Line Drive, 34)
Artie Adams scores
Joe Farrell to third
Greg Nichols to second
Batting: RHB Bruce Foley 0-0: Ball
1-0: Called Strike
1-1: Foul Ball, location: 2F
1-2: Ball
2-2: Foul Ball, location: 2F
2-2: Strikes out swinging
Batting: LHB Jonathan Martin 0-0: Called Strike
0-1: Foul Ball, location: 2F
0-2: Hit by Pitch
Joe Farrell scores
Greg Nichols to third
Cristóbal Calderón to second
Batting: RHB Will Hinkle 0-0: Foul Ball, location: 2F
0-1: Foul Ball, location: 2F
0-2: Strikes out looking
Batting: RHB Ben Martínez 0-0: Ball
1-0: Foul Ball, location: 2F
1-1: Ball
2-1: Fly out, F9 (Flyball, 9LSF)
Bottom of the 1st over - 3 runs, 3 hits, 0 errors, 3 left on base; Santa Clarita 2 - Alabama 3
TOP OF THE 2ND
Santa Clarita Music batting - Pitching for Alabama Shakes : RHP Barrett Pritchard
Batting: RHB Adam Gentry 0-0: Called Strike
0-1: Hit by Pitch
Batting: RHB Tyler Bond 0-0: Called Strike
0-1: Called Strike
Adam Gentry steals 2nd base
0-2: Ground out 6-3 (Groundball, 56)
Batting: RHB Leroy Bates 0-0: Called Strike
0-1: Ball
1-1: Ball
2-1: Fly out, F8 (Flyball, 8LD)
Batting: RHB Sergio Moreno 0-0: Called Strike
0-1: SINGLE (Flyball, 9LM)
Adam Gentry to third
Runner from 3rd tries for Home, SAFE, no throw
Batting: RHB Greg Grant 0-0: Fly out, F9 (Flyball, 9LS)
Top of the 2nd over - 1 run, 1 hit, 0 errors, 1 left on base; Santa Clarita 3 - Alabama 3
BOTTOM OF THE 2ND
Alabama Shakes batting - Pitching for Santa Clarita Music : RHP Pierre Lauzon
Batting: RHB Zhong-xian Pai 0-0: Ball
1-0: Ball
2-0: SINGLE (Groundball, 56) (infield hit)
Batting: SHB Artie Adams 0-0: Ball
1-0: Ball
2-0: Called Strike
2-1: Ball
3-1: Grounds into double play, 5-4-3 (Groundball, 56)
Batting: RHB Joe Farrell 0-0: Called Strike
0-1: Ball
1-1: Called Strike
1-2: SINGLE (Flyball, 8RS)
Batting: RHB Greg Nichols 0-0: Called Strike
0-1: Fly out, F7 (Flyball, 78S)
Bottom of the 2nd over - 0 runs, 2 hits, 0 errors, 1 left on base; Santa Clarita 3 - Alabama 3
TOP OF THE 3RD
Santa Clarita Music batting - Pitching for Alabama Shakes : RHP Barrett Pritchard
Batting: RHB Jesús Morales 0-0: Foul Ball, location: 2F
0-1: Swinging Strike
0-2: Strikes out swinging
Batting: SHB Stan Gómez 0-0: Called Strike
0-1: Ball
1-1: Ball
2-1: Swinging Strike
2-2: Strikes out swinging
Batting: RHB Lyle Johnston 0-0: Ball
1-0: Called Strike
1-1: SINGLE (Groundball, 4MD)
Batting: RHB Juan Alvarado 0-0: Called Strike
0-1: Ball
1-1: Ball
2-1: Ball
3-1: Base on Balls
Lyle Johnston to second
Batting: RHB Adam Gentry 0-0: Ball
1-0: Swinging Strike
1-1: Ball
2-1: DOUBLE (Line Drive, 7LD)
Lyle Johnston scores
Juan Alvarado to third
Runner from 3rd tries for Home, SAFE, no throw
Batting: RHB Tyler Bond 0-0: Called Strike
0-1: Foul Ball, location: 2F
0-2: Strikes out swinging
Top of the 3rd over - 2 runs, 2 hits, 0 errors, 1 left on base; Santa Clarita 5 - Alabama 3
BOTTOM OF THE 3RD
Alabama Shakes batting - Pitching for Santa Clarita Music : RHP Pierre Lauzon
Batting: RHB Cristóbal Calderón 0-0: Called Strike
0-1: Foul Ball, location: 2F
0-2: Strikes out swinging
Batting: RHB Bruce Foley 0-0: Ball
1-0: Hit by Pitch
Batting: LHB Jonathan Martin 0-0: Ball
1-0: Ball
2-0: Swinging Strike
2-1: Ball
3-1: Called Strike
3-2: Foul Ball, location: 2F
3-2: SINGLE (Flyball, 89M)
Bruce Foley to second
Batting: RHB Will Hinkle 0-0: Called Strike
0-1: Foul Ball, location: 2F
0-2: Foul Ball, location: 2F
0-2: Ball
1-2: Foul Ball, location: 2F
1-2: Fly out, F8 (Flyball, 8RD)
Batting: RHB Ben Martínez 0-0: Fielders Choice at 2nd, 5-4 (Groundball, 5D)
Bottom of the 3rd over - 0 runs, 1 hit, 0 errors, 2 left on base; Santa Clarita 5 - Alabama 3
TOP OF THE 4TH
Santa Clarita Music batting - Pitching for Alabama Shakes : RHP Barrett Pritchard
Batting: RHB Leroy Bates 0-0: Ball
1-0: Swinging Strike
1-1: Called Strike
1-2: Strikes out swinging
Batting: RHB Sergio Moreno 0-0: Foul Ball, location: 2F
0-1: Called Strike
0-2: Foul Ball, location: 2F
0-2: Fly out, F6 (Flyball, 6MD)
Batting: RHB Greg Grant 0-0: Ball
1-0: Called Strike
1-1: Foul Ball, location: 2F
1-2: Fly out, F8 (Flyball, 8RD)
Top of the 4th over - 0 runs, 0 hits, 0 errors, 0 left on base; Santa Clarita 5 - Alabama 3
BOTTOM OF THE 4TH
Alabama Shakes batting - Pitching for Santa Clarita Music : RHP Pierre Lauzon
Batting: RHB Zhong-xian Pai 0-0: Called Strike
0-1: Ball
1-1: Foul Ball, location: 2F
1-2: Strikes out swinging
Batting: SHB Artie Adams 0-0: Ball
1-0: Fly out, F2 (Popup, 5SF)
Batting: RHB Joe Farrell 0-0: Called Strike
0-1: Ball
1-1: Ball
2-1: Foul Ball, location: 2F
2-2: Fly out, F8 (Line Drive, 8RD)
Bottom of the 4th over - 0 runs, 0 hits, 0 errors, 0 left on base; Santa Clarita 5 - Alabama 3
TOP OF THE 5TH
Santa Clarita Music batting - Pitching for Alabama Shakes : RHP Barrett Pritchard
Batting: RHB Jesús Morales 0-0: Ball
1-0: Foul Ball, location: 2F
1-1: Swinging Strike
1-2: Strikes out swinging
Batting: SHB Stan Gómez 0-0: Called Strike
0-1: Foul Ball, location: 2F
0-2: Strikes out swinging
Batting: RHB Lyle Johnston 0-0: Foul Ball, location: 2F
0-1: Called Strike
0-2: Ball
1-2: Strikes out swinging
Top of the 5th over - 0 runs, 0 hits, 0 errors, 0 left on base; Santa Clarita 5 - Alabama 3
BOTTOM OF THE 5TH
Alabama Shakes batting - Pitching for Santa Clarita Music : RHP Pierre Lauzon
Batting: RHB Greg Nichols 0-0: Called Strike
0-1: Ball
1-1: Swinging Strike
1-2: Ball
2-2: Strikes out swinging
Batting: RHB Cristóbal Calderón 0-0: Ball
1-0: Foul Ball, location: 2F
1-1: Ball
2-1: Foul Ball, location: 2F
2-2: Fly out, F7 (Flyball, 7D)
Batting: RHB Bruce Foley 0-0: Ball
1-0: Foul Ball, location: 2F
1-1: SINGLE (Line Drive, 56)
Batting: LHB Jonathan Martin 0-0: Called Strike
0-1: Called Strike
0-2: Fielders Choice at 2nd, 5-4 (Groundball, 56)
Bottom of the 5th over - 0 runs, 1 hit, 0 errors, 1 left on base; Santa Clarita 5 - Alabama 3
TOP OF THE 6TH
Santa Clarita Music batting - Pitching for Alabama Shakes : RHP Barrett Pritchard
Batting: RHB Juan Alvarado 0-0: Ball
1-0: Called Strike
1-1: Swinging Strike
1-2: SOLO HOME RUN (Line Drive, 7D), Distance : 380 ft
Batting: RHB Adam Gentry 0-0: Foul Ball, location: 2F
0-1: Foul Ball, location: 2F
0-2: Foul Ball, location: 2F
0-2: Ball
1-2: Ball
2-2: Foul Ball, location: 2F
2-2: Ball
3-2: SINGLE (Groundball, 4MD)
Pitching: RHP Raúl Pérez
Batting: RHB Tyler Bond 0-0: Ball
1-0: Ball
Adam Gentry steals 2nd base
2-0: Called Strike
2-1: Ball
3-1: 2-RUN HOME RUN (Flyball, 78XD), Distance : 413 ft
Batting: RHB Leroy Bates 0-0: SINGLE (Groundball, 4MS) (infield hit)
Batting: RHB Sergio Moreno 0-0: Fly out, F9 (Flyball, 9LSF)
Batting: RHB Greg Grant 0-0: Ball
1-0: Foul Ball, location: 2F
1-1: Swinging Strike
1-2: Ball
2-2: Strikes out swinging
Batting: RHB Jesús Morales 0-0: Ball
1-0: Called Strike
1-1: Fly out, F8 (Flyball, 8RD)
Top of the 6th over - 3 runs, 4 hits, 0 errors, 1 left on base; Santa Clarita 8 - Alabama 3
BOTTOM OF THE 6TH
Alabama Shakes batting - Pitching for Santa Clarita Music : RHP Pierre Lauzon
Batting: RHB Will Hinkle 0-0: Ball
1-0: Ball
2-0: Called Strike
2-1: Called Strike
2-2: Strikes out swinging
Batting: RHB Ben Martínez 0-0: Ground out 6-3 (Groundball, 6)
Batting: RHB Zhong-xian Pai 0-0: Called Strike
0-1: SINGLE (Line Drive, 9S)
Batting: SHB Artie Adams 0-0: Foul Ball, location: 2F
0-1: Fly out, F8 (Flyball, 8RD)
Bottom of the 6th over - 0 runs, 1 hit, 0 errors, 1 left on base; Santa Clarita 8 - Alabama 3
TOP OF THE 7TH
Santa Clarita Music batting - Pitching for Alabama Shakes : RHP Raúl Pérez
Batting: SHB Stan Gómez 0-0: Swinging Strike
0-1: Ball
1-1: Ball
2-1: Called Strike
2-2: Ball
3-2: Foul Ball, location: 2F
3-2: Foul Ball, location: 2F
3-2: Strikes out swinging
Batting: RHB Lyle Johnston 0-0: Called Strike
0-1: Called Strike
0-2: Foul Ball, location: 2F
0-2: Ball
1-2: Foul Ball, location: 2F
1-2: Foul Ball, location: 2F
1-2: Strikes out swinging
Batting: RHB Juan Alvarado 0-0: Ball
1-0: SINGLE (Groundball, 6MD)
Batting: RHB Adam Gentry 0-0: Fly out, F8 (Line Drive, 8LD)
Top of the 7th over - 0 runs, 1 hit, 0 errors, 1 left on base; Santa Clarita 8 - Alabama 3
BOTTOM OF THE 7TH
Alabama Shakes batting - Pitching for Santa Clarita Music : RHP Pierre Lauzon
Batting: RHB Joe Farrell 0-0: Ground out 6-3 (Groundball, 6M)
Batting: RHB Greg Nichols 0-0: Ball
1-0: Foul Ball, location: 2F
1-1: Ball
2-1: SOLO HOME RUN (Flyball, 7LD), Distance : 351 ft
Batting: RHB Cristóbal Calderón 0-0: Called Strike
0-1: Ball
1-1: Ball
2-1: Foul Ball, location: 2F
2-2: Ball
3-2: Ground out 4-3 (Groundball, 4)
Batting: RHB Bruce Foley 0-0: Ball
1-0: Ball
2-0: SINGLE (Line Drive, 5D)
Pitching: LHP Salvador Romero
Batting: LHB Jonathan Martin 0-0: Ball
1-0: Foul Ball, location: 2F
1-1: Foul Ball, location: 2F
1-2: Strikes out swinging
Bottom of the 7th over - 1 run, 2 hits, 0 errors, 1 left on base; Santa Clarita 8 - Alabama 4
TOP OF THE 8TH
Santa Clarita Music batting - Pitching for Alabama Shakes : RHP Raúl Pérez
Batting: RHB Tyler Bond 0-0: Foul Ball, location: 2F
0-1: SINGLE (Flyball, 7LS)
Batting: RHB Leroy Bates 0-0: Foul Ball, location: 2F
0-1: Ball
1-1: Ball
2-1: Ball
3-1: Base on Balls
Tyler Bond to second
Batting: RHB Sergio Moreno 0-0: SINGLE (Flyball, 8LS)
Tyler Bond to third
Leroy Bates to second
Batting: RHB Greg Grant 0-0: Ball
1-0: Foul Ball, location: 2F
1-1: Foul Ball, location: 2F
1-2: SINGLE (Flyball, 7LM)
Tyler Bond scores
Leroy Bates to third
Sergio Moreno to second
Runner from 3rd tries for Home, SAFE, no throw
Batting: RHB Jesús Morales 0-0: Called Strike
0-1: Foul Ball, location: 2F
0-2: Strikes out swinging
Batting: SHB Stan Gómez 0-0: Foul Ball, location: 2F
0-1: Fly out, F9 (Line Drive, 89D)
Runner from 2nd tags up, SAFE at 3rd, no throw
Batting: RHB Lyle Johnston 0-0: Ball
1-0: SINGLE (Groundball, 56D)
Sergio Moreno scores
Greg Grant to second
Batting: RHB Juan Alvarado 0-0: Called Strike
0-1: Called Strike
0-2: Strikes out swinging
Top of the 8th over - 3 runs, 4 hits, 0 errors, 2 left on base; Santa Clarita 11 - Alabama 4
BOTTOM OF THE 8TH
Alabama Shakes batting - Pitching for Santa Clarita Music : LHP Salvador Romero
Batting: RHB Will Hinkle 0-0: Fly out, F9 (Flyball, 9LSF)
Batting: RHB Ben Martínez 0-0: Ball
1-0: Ball
2-0: Ball
3-0: Base on Balls
Batting: RHB Zhong-xian Pai 0-0: Ball
1-0: Fielders Choice at 2nd, 4-6 (Groundball, 4)
Batting: SHB Artie Adams 0-0: Ball
1-0: Ground out 4-3 (Groundball, 34)
Bottom of the 8th over - 0 runs, 0 hits, 0 errors, 1 left on base; Santa Clarita 11 - Alabama 4
TOP OF THE 9TH
Santa Clarita Music batting - Pitching for Alabama Shakes : RHP Raúl Pérez
Batting: RHB Adam Gentry 0-0: Ground out U3 (Groundball, 34)
Batting: RHB Tyler Bond 0-0: Foul Ball, location: 2F
0-1: SINGLE (Flyball, 78M)
Pitching: RHP Jorge Vásquez
Batting: RHB Leroy Bates 0-0: Ball
1-0: DOUBLE (Flyball, 89D)
Tyler Bond to third
Batting: RHB Sergio Moreno 0-0: Called Strike
0-1: Swinging Strike
0-2: Ball
1-2: Ground out 5-3 (Groundball, 5)
Batting: RHB Greg Grant 0-0: Called Strike
0-1: Foul Ball, location: 2F
0-2: Strikes out swinging
Top of the 9th over - 0 runs, 2 hits, 0 errors, 2 left on base; Santa Clarita 11 - Alabama 4
BOTTOM OF THE 9TH
Alabama Shakes batting - Pitching for Santa Clarita Music : LHP Salvador Romero
Batting: RHB Joe Farrell 0-0: Ball
1-0: Ball
2-0: Ball
3-0: Called Strike
3-1: SINGLE (Groundball, 34D)
Batting: RHB Greg Nichols 0-0: Ball
1-0: Ball
2-0: Called Strike
2-1: Foul Ball, location: 2F
2-2: Foul Ball, location: 2F
2-2: Ball
3-2: Strikes out swinging
Batting: RHB Cristóbal Calderón 0-0: Ball
1-0: Ball
2-0: Ball
3-0: Called Strike
3-1: Foul Ball, location: 2F
3-2: Foul Ball, location: 2F
3-2: Base on Balls
Joe Farrell to second
Batting: RHB Bruce Foley 0-0: Ball
1-0: Ball
2-0: Fly out, F8 (Flyball, 8LD)
Batting: LHB Jonathan Martin 0-0: Ball
1-0: Swinging Strike
1-1: Called Strike
1-2: Ball
2-2: SINGLE (Line Drive, 34)
Joe Farrell to third
Cristóbal Calderón to second
Batting: RHB Will Hinkle 0-0: Ball
1-0: Swinging Strike
1-1: Called Strike
1-2: Fly out, F8 (Line Drive, 8RD)
Bottom of the 9th over - 0 runs, 2 hits, 0 errors, 3 left on base; Santa Clarita 11 - Alabama 4
Saturday, December 16th, 2017 - OOTP Baseball 18.8 Build 76